Description

Hi, This is the best build, as in: I tried out all the possible mass reaper builds and this one came out as most reapers at a certain time and economically even to the other builds. This is a very micro-intensive build because if you lose your reaper "ball" you kinda lose the game. Most people say mass reapers is a build for the lower leagues but as a master terran i can say that I haven't lost a TvZ with this build in a week.

For this build to work out you need to have great micro and make good use of the "KD-8-charge", you can even efficiently trade with roaches this way.

I hope this helps you beat the many zergs on the ladder with this fun and micro-intensive build.

GL HF, Flox

Replay - Mass reaper TvZ

Build Order

Get SALT Encoding   

  12  0:01  SCV  
  13  0:13  SCV  
  14  0:18  Supply Depot  
  14  0:25  SCV  
  15  0:40  SCV  
  15  0:42  Barracks  
  16  0:47  Refinery  
  16  0:52  SCV  
  17  1:02  Barracks  
  17  1:05  SCV  
  18  1:17  SCV  
  19  1:21  Barracks  
  19  1:29  Refinery  
  19  1:32  Reaper  
  20  1:44  Orbital Command  
  20  1:51  Reaper  
  21  1:57  Supply Depot  
  21  2:04  Reaper  
  21  2:10  SCV  
  23  2:19  Reaper, Supply Depot  
  23  2:23  SCV  
  25  2:26  Reaper  
  26  2:36  SCV  
  26  2:37  Reaper  
  28  2:43  Barracks  
  28  2:48  SCV  
  28  2:52  Reaper  
  30  2:57  Supply Depot  
  30  2:59  Reaper  
  30  3:00  SCV  
  32  3:10  Reaper  
  32  3:13  SCV  
  34  3:25  Reaper, SCV  
  36  3:32  Reaper x2  
  38  3:39  SCV  
  40  3:49  Command Center  
  40  3:55  SCV  
Spawning Tool Build Advisor. Get it on Overwolf

Analysis

After crunching the numbers the build order above came out as the best, here are they in an excel sheet: the spreadsheet

Here are 2 replays against zergs:

  1. Lots of lings, bit of roaches later
  2. Early roaches

Go to:

Details

  • Created by: Flox
  • Published on: Nov 29, 2015
  • Modified on: Nov 29, 2015
  • Patch: Pre-3.8.0
Show
View Real Time Build Order
Export as new Build Order

Comments (0)

There are no comments. Be the first!

Create an account to comment!